 Dungeon Crawl Stone Soup version 0.30-a0-778-g2ef04afb54 (webtiles) character file.

Game seed: 997655195690413003

156 omnomnOMINOUS the Shield-Bearer (level 5, -1/35 HPs)
             Began as an Octopode Wanderer on Feb 15, 2023.
             Was a Follower of Trog.
             Slain by an orc
             ... wielding a +0 executioner's axe
              (9 damage)
             ... on level 3 of the Dungeon.
             The game lasted 00:03:10 (1937 turns).

omnomnOMINOUS the Shield-Bearer (Octopode Wanderer) Turns: 1937, Time: 00:03:11

Health: -1/35      AC:  1    Str: 12    XL:     5   Next: 37%
Magic:  7/7        EV: 13    Int: 13    God:    Trog [*.....]
Gold:   114        SH:  7    Dex: 14    Spells: 7/7 levels left

rFire   . . .      SeeInvis .    a - +0 mace
rCold   . . .      Faith    .    b - +2 buckler
rNeg    . . .      Spirit   .    (helmet restricted)
rPois   .          Reflect  .    (no amulet)
rElec   .          Harm     .    (no ring)
rCorr   .          Rampage  .    (no ring)
Will    .....                    (no ring)
Stlth   ++                       (no ring)
HPRegen 0.25/turn                (no ring)
MPRegen 0.10/turn                (no ring)
                                 (no ring)
                                 (no ring)

@: lethally poisoned (-1 -> -2)
A: almost no armour, amphibious, 8 rings, camouflage 1, gelatinous body 1,
(nimble swimmer 1), tentacles
a: Renounce Religion, Berserk


You were on level 3 of the Dungeon.
You worshipped Trog.
Trog was aware of your devotion.
You visited 1 branch of the dungeon, and saw 3 of its levels.

You collected 114 gold pieces.

Inventory:

Hand Weapons
 a - a +0 mace (weapon)
 d - a +0 dagger
Missiles
 c - 10 boomerangs (quivered)
 f - 5 poisoned darts
Armour
 b - a +2 buckler (worn)
Scrolls
 g - 4 scrolls of identify {unknown}
 h - a scroll of silence {unknown}
 i - 3 scrolls of summoning {unknown}
 j - 2 scrolls of amnesia {unknown}
 l - a scroll of torment {unknown}
 n - a scroll of blinking {unknown}
 o - a scroll of fear {unknown}
 r - a scroll of enchant armour {unknown}
Potions
 e - a potion of invisibility
 k - a potion of heal wounds {unknown}
 m - 3 potions of haste {unknown}
 p - a potion of curing {unknown}
 q - a potion of might {unknown}


   Skills:
 + Level 2.7 Fighting
 - Level 2.0 Maces & Flails
 - Level 2.0 Throwing
 + Level 2.4 Dodging
 + Level 4.0 Shields
 - Level 1.8 Spellcasting
 - Level 1.1 Evocations


You had 7 spell levels left.
You didn't know any spells.
Your spell library was empty.

Dungeon Overview and Level Annotations

Branches:
Dungeon (3/15)

Altars:
Fedhas
Trog


Innate Abilities, Weirdness & Mutations

You cannot wear most types of armour.
You are amphibious.
You can wear up to eight rings at the same time.
Your skin changes colour to match your surroundings (Stealth+).
Your rubbery body absorbs attacks. (AC +1, EV +1)
((You are camouflaged when in or above water. (Stealth+)))
You have tentacles for arms and can constrict up to eight enemies at once.


Message History

Trog accepts your kill.
c - 10 boomerangs (gained 2)
Things that are here:
a +0 dagger; an orc corpse; a worm corpse
Things that are here:
a +0 dagger; a +0 robe You start resting.
An adder comes into view.
An adder is nearby!
An orc comes into view. It is wielding a +0 executioner's axe.
You catch the helpless adder completely off-guard!
You hit the adder.
The orc shouts!
Your grab misses the adder. Your squeeze misses the adder.
The adder is moderately wounded.
You hear a shout!
You block the adder's attack. The adder misses you.
You hit the adder. Your grab misses the adder.
You squeeze the adder, but do no damage.
The adder is heavily wounded.
The adder bites you. x2
You miss the adder. Your grab misses the adder.
The adder is heavily wounded.
The adder misses you.
You closely miss the adder. Your grab misses the adder.
The adder is heavily wounded.
You block the adder's attack.
The orc throws a stone.
The stone closely misses you. The adder bites you.
The orc throws a stone.
The stone hits you.
You are too injured to fight recklessly!
You completely miss the orc. Your grab misses the orc.
Your squeeze misses the orc. The adder bites you.
You are poisoned.
The adder poisons you! The orc closely misses you.
The orc throws a stone.
The stone closely misses you. The adder bites you.
* * * LOW HITPOINT WARNING * * *
You closely miss the orc. You grab the orc. You constrict the orc.
You feel sick.
The orc hits you with a +0 executioner's axe!
You die...

#. .# # #. .. #.#.
#.# #.#.##.# ....#.#
# #..#.##########
.#.#.#..............
......S@............
#..#.#o....#.......
#.##.)....# #o
#.)....# ## #...)†)#
#####'## ### #)# #..
###.## #.#.# #....#


You could see an adder and 2 orcs.

Vanquished Creatures
  An orc wizard (D:3)
  6 gnolls
  2 adders
  A worm (D:3)
  5 orcs (D:3)
  6 ball pythons
  5 endoplasms
  2 giant cockroaches (D:3)
  4 hobgoblins
  4 bats
  3 frilled lizards
  4 goblins
  6 kobolds
  3 rats
52 creatures vanquished.

Vanquished Creatures (others)
  A plant (D:2)
1 creature vanquished.

Grand Total: 53 creatures vanquished

Notes
Turn   | Place    | Note
-------+----------+-------------------------------------------
     0 | D:1      | omnomnOMINOUS the Octopode Wanderer began the quest for the
                  | Orb.
     0 | D:1      | omnomnOMINOUS set off with the following items: a +0 mace,
                  | a +2 buckler, 8 boomerangs, a +0 dagger, a potion of
                  | invisibility.
     0 | D:1      | Reached XP level 1. HP: 13/13 MP: 2/2
    91 | D:1      | Reached XP level 2. HP: 18/18 MP: 3/3
   799 | D:2      | Reached skill level 1 in Dodging
   799 | D:2      | Reached XP level 3. HP: 23/23 MP: 3/5
  1070 | D:2      | Found a blossoming altar of Fedhas.
  1267 | D:2      | Reached XP level 4. HP: 20/29 MP: 6/6
  1344 | D:2      | Found a faded altar of an unknown god.
  1351 | D:2      | Prayed at the altar of an unknown god.
  1351 | D:2      | Became a worshipper of Trog the Wrathful
  1351 | D:2      | Reached * piety under Trog
  1500 | D:3      | Noticed a gnoll sergeant
  1793 | D:3      | Reached XP level 5. HP: 20/35 MP: 7/7
  1904 | D:3      | Reached skill level 4 in Shields
  1937 | D:3      | Slain by an orc

Illustrated notes

Levels and vault maps discovered:
D:1:      wander_arrival_lonely_grave, layout_loops_ring
D:2:      layout_rooms, dreamdust_ecumenical_altar_hidden_monk_grotto,
          basic_altar
D:3:      layout_basic

Skill      XL: |  1  2  3  4  5 |
---------------+----------------+-----
Dodging        | 1 2 |  2.4
Fighting       | 2 |  2.7
Shields        | 4 |  4.0
Maces & Flails | |  2.0
Throwing       | |  2.0
Spellcasting   | |  1.8
Evocations     | |  1.1

Action                     |  1- 3 |  4- 6 || total
---------------------------+-------+-------++-------
  Melee: Mace              |    55 |    57 ||   112
         Constrict         |    12 |    14 ||    26
         Tentacles         |    10 |    16 ||    26
         Punch             |     1 |     1 ||     2
 Invoke: Berserk           |       |     1 ||     1
   Stab: Sleeping          |     8 |     2 ||    10
         Distracted        |     1 |     1 ||     2
 Armour: Skin              |     7 |     1 ||     8
  Dodge: Dodged            |    35 |    33 ||    68
  Block: Buckler           |    21 |    26 ||    47

Table legend: (Time is in decaauts)
 A = Elapsed time spent in this place.
 B = Non-inter-level travel time spent in this place.
 C = Inter-level travel time spent in this place.
 D = Time resting spent in this place.
 E = Time spent auto-exploring this place.
 F = Levels seen in this place.
 G = Mean time per level.
                   A        B        C        D        E       F      G
               +--------+--------+--------+--------+--------+-----+--------+
         Total |   1985 |   1859 |    126 |    160 |   1258 |   3 |  661.7 |
       Dungeon |   1985 |   1859 |    126 |    160 |   1258 |   3 |  661.7 |
               +--------+--------+--------+--------+--------+-----+--------+

Top non-repeatable levels by time:
     D:1: 805 daAuts
     D:2: 710 daAuts
     D:3: 469 daAuts
